 Dungeon Crawl Stone Soup version 0.22-a0-533-g4d20840 (webtiles) character file.

30 iamserjio the Insei (level 3, 0/18 HPs)
             Began as a Vine Stalker Skald on June 22, 2018.
             Slain by a gnoll
             ... wielding a +0 whip
              (2 damage)
             ... on level 3 of the Dungeon.
             The game lasted 00:02:54 (322 turns).

iamserjio the Insei (Vine Stalker Skald)             Turns: 322, Time: 00:02:55

Health: 0/18       AC:  3    Str: 13    XL:     3   Next: 20%
Magic:  0/7        EV: 11    Int: 14    God:
Gold:   28         SH:  0    Dex: 13    Spells: 0/6 levels left

rFire    . . .     SeeInvis .   b - +0 mace
rCold    . . .     Gourm    .   (no shield)
rNeg     . . .     Faith    .   a - +0 leather armour
rPois    .         Spirit   +   (no helmet)
rElec    .         Reflect  .   (no cloak)
rCorr    .         Harm     .   (no gloves)
MR       .....                  (no boots)
Stlth    +.........             (no amulet)
HPRegen  0.06/turn              (no ring)
MPRegen  0.10/turn              (no ring)

@: no status effects
A: fangs 2, magic shield, antimagic bite, no potion heal 3, rot immunity
a: no special abilities


You were on level 3 of the Dungeon.
You were not hungry.

You visited 1 branch of the dungeon, and saw 3 of its levels.

You collected 28 gold pieces.

Inventory:

Hand Weapons
 b - a +0 mace (weapon)
Armour
 a - a +0 leather armour (worn)
Jewellery
 d - an uncursed ring of magical power {unknown}
Scrolls
 e - a scroll of remove curse {unknown}
 f - a scroll of magic mapping {unknown}
 g - a scroll of teleportation {unknown}
Comestibles
 c - a ration


   Skills:
 + Level 2.3 Fighting
 - Level 0.7 Armour
 - Level 1.5 Dodging
 * Level 3.1 Unarmed Combat
 - Level 2.1 Spellcasting
 - Level 3.0 Charms


You couldn't memorise any spells.
You knew the following spells:

 Your Spells              Type           Power        Failure   Level  Hunger
a - Infusion              Chrm           #...         9%          1    #......
b - Shroud of Golubria    Chrm/Tloc      #.........   24%         2    ###....
c - Regeneration          Chrm/Necr      #.........   43%         3    ###....

Your spell library contained the following spells:

 Spells                   Type           Power        Failure   Level  Hunger
 Song of Slaying          Chrm           #.......     13%         2    ###....
 Spectral Weapon          Hex/Chrm       #.......     43%         3    ###....


Dungeon Overview and Level Annotations

Branches:
Dungeon (3/15)

Altars:
Ashenzari


Innate Abilities, Weirdness & Mutations

You have extremely sharp teeth.
When hurt, damage is shared between your health and your magic reserves.
Your bite disrupts and absorbs the magic of your enemies.
Potions cannot restore your health.
You are immune to rotting.


Message History

Your magical contamination has completely faded away.
Found 15 gold pieces. 3 gnolls come into view.
A gnoll is wielding a halberd of venom.
The gnoll shouts! x2; You hear a shout!
A gnoll comes into view.
The gnoll shouts!
The gnoll misses you.
You hit the gnoll but do no damage. You punch the gnoll.
The gnoll is lightly wounded.
The gnoll hits you with an enchanted spear.
* * * LOW HITPOINT WARNING * * *
The gnoll barely misses you.
You see here 15 gold pieces.
You barely miss the gnoll. The gnoll hits you with a whip.
You sock the gnoll!
The gnoll is heavily wounded.
The gnoll hits you with a whip.
* * * LOW HITPOINT WARNING * * *
The gnoll hits you with a whip.
You die...

.. ... ..# ... #.# #.#
##### ####.##### #....#
#.gg.....# ......#
#.##@###.# ....... #.##.#
#.# ###....
##.##.###.#########
#.##...##g..#.).).........#
#gg.......##.#######.#
#.##......##.# #.# #.
##........# #.# ##
###...#### #.# ##.## #.#


You could see 2 gnolls.

Vanquished Creatures
  An adder (D:2)
  A leopard gecko (D:1)
  2 ball pythons
  4 giant cockroaches
  3 goblins
  2 kobolds
  A quokka (D:2)
  A bat (D:3)
  2 frilled lizards (D:3)
  2 rats
19 creatures vanquished.

Notes
Turn   | Place    | Note
-------+----------+-------------------------------------------
     0 | D:1      | iamserjio the Vine Stalker Skald began the quest for the Orb.
     0 | D:1      | Reached XP level 1. HP: 11/11 MP: 4/4
    88 | D:1      | Reached XP level 2. HP: 9/15 MP: 1/6
   139 | D:2      | Found a shattered altar of Ashenzari.
   196 | D:3      | Learned a level 2 spell: Shroud of Golubria
   205 | D:3      | Reached XP level 3. HP: 11/18 MP: 7/7
   276 | D:3      | Learned a level 3 spell: Regeneration
   322 | D:3      | Slain by a gnoll

Vault maps used:
D:1:      evilmike_arrival_run_for_it
D:2:      ashenzari_conservatory_becter, first_ration
D:3:      nicolae_dithmenos_through_a_glass_darkly,
          nicolae_overflow_hidden_temple

Skill      XL: |  1  2 |
---------------+-------+-----
Fighting       | 2 |  2.3
Unarmed Combat | 3 |  3.1
Armour         | |  0.7
Dodging        | |  1.5
Spellcasting   | |  2.1
Charms         | |  3.0

Action                   || total
-------------------------++-------
Melee: Unarmed           ||     9
       Mace              ||    40
       Bite              ||    11
       Punch             ||     1
 Cast: Infusion          ||     3
Armor: Leather armour    ||    18
Dodge: Dodged            ||    31

Table legend:
 A = Spawn XP
 B = Non-spawn XP
 C = Spawn XP percentage of total XP
 D = Spawn monster count
 E = Non-spawn monster count
 F = Spawn count percentage of total count
 G = Total turns spent on level
                    A         B        C        D         E        F      G
               +---------+---------+-------+---------+---------+-------+---------
         Total |       0 |      44 |   0.0 |       0 |      19 |   0.0 |   322
               +---------+---------+-------+---------+---------+-------+---------
           D:1 |       0 |      16 |   0.0 |       0 |       8 |   0.0 |   121
           D:2 |       0 |      17 |   0.0 |       0 |       3 |   0.0 |    73
           D:3 |       0 |      11 |   0.0 |       0 |       8 |   0.0 |   128
               +---------+---------+-------+---------+---------+-------+---------
